 Dungeon Crawl Stone Soup version 0.19-b1-3-g7dea586 (webtiles) character file.

86 tv1990 the Cudgeler (level 4, -2/35 HPs)
             Began as a Formicid Monk on Oct 29, 2016.
             Slain by an orc
             ... wielding a +0 flail
              (7 damage)
             ... on level 3 of the Dungeon.
             The game lasted 00:04:25 (1978 turns).

tv1990 the Cudgeler (Formicid Monk)                 Turns: 1978, Time: 00:04:25

Health: -2/35      AC:  9    Str: 16    XL:     4   Next: 77%
Magic:  4/4        EV:  7    Int:  9    God:
Gold:   106        SH:  0    Dex: 14    Spells: 0 memorised, 3 levels left

rFire  . . .     SeeInvis +     a - +0 mace
rCold  . . .     Gourm    .     j - +0 chain mail
rNeg   . . .     Faith    .     (no shield)
rPois  .         Spirit   .     (helmet unavailable)
rElec  .         Reflect  .     n - +0 cloak
rCorr  .         Harm     .     (no gloves)
MR     .....                    (no boots)
Stlth  ..........               (no amulet)
                                (no ring)
                                (no ring)

@: no status effects
A: permanent stasis, dig shafts and tunnels, four strong arms, antennae 3
a: Dig, Shaft Self


You were on level 3 of the Dungeon.
You were not hungry.

You visited 1 branch of the dungeon, and saw 3 of its levels.

You collected 106 gold pieces.

Inventory:

Hand Weapons
 a - a +0 mace (weapon)
Armour
 b - a +0 robe
 d - a +0 ring mail
 j - a +0 chain mail (worn)
 n - a +0 cloak (worn)
Jewellery
 o - an uncursed ring of protection from magic {unknown}
Scrolls
 f - a scroll of fear {unknown}
 i - a scroll of blinking {unknown}
 k - a scroll of teleportation {unknown}
 q - a scroll of remove curse
Potions
 e - a potion of agility
 h - a potion of might
 l - 2 potions of curing
 r - a potion of degeneration {unknown}
Books
 m - a book of Cantrips

   Spells                             Type                      Level
   a - Confusing Touch                Hexes                        1
   b - Animate Skeleton               Necromancy                   1
   c - Summon Small Mammal            Summoning                    1
   d - Apportation                    Translocation                1
Comestibles
 c - 3 bread rations
 g - a slice of pizza
 p - a meat ration


   Skills:
 - Level 3.2 Fighting
 + Level 5.1 Maces & Flails
 - Level 2.6 Dodging
 - Level 2.4 Stealth


You had 3 spell levels left.
You didn't know any spells.

Dungeon Overview and Level Annotations

Branches:
Dungeon (3/15)

Altars:
Ashenzari


Innate Abilities, Weirdness & Mutations

You are under a permanent stasis effect.
You can dig through walls and to a lower floor.
Your four strong arms can wield two-handed weapons with a shield.
You have a pair of large antennae on your head. (SInv)


Message History

You dig through the rock wall.
You dig through the rock wall.
You retract your mandibles.
You closely miss the orc. The orc hits you but does no damage.
You barely miss the orc. The orc hits you.
* * * LOW HITPOINT WARNING * * *
You hit the orc but do no damage. You hit the orc but do no damage.
The orc hits you with a flail.
* * * LOW HITPOINT WARNING * * *
You barely miss the orc. The orc closely misses you.
You hit the orc but do no damage. The orc hits you with a flail.
* * * LOW HITPOINT WARNING * * *
You hit the orc but do no damage. The orc hits you with a flail.
* * * LOW HITPOINT WARNING * * *
You hit the orc but do no damage. The orc hits you but does no damage.
You closely miss the orc. The orc hits you but does no damage.
You hit the orc but do no damage. The orc hits you with a flail.
* * * LOW HITPOINT WARNING * * *
You hit the orc but do no damage. The orc hits you with a flail!
You die...

..............#.....#...#
..............#.....#K..###
..............#...........#
..............#.....#o.##.#
................{{.o....# #
..............###{{###..#
..............##o#{# ..#
......++#####.#o##.# ..#
.o....# .##@#.# ..# ......#
.####.# .# .###### #.. ..
###


You could see an orc.

Vanquished Creatures
  4 adders
  2 dart slugs (D:1)
  5 bats
  4 giant cockroaches
  8 goblins
  4 hobgoblins (D:1)
  3 jackals (D:1)
  A quokka (D:2)
  3 frilled lizards
  6 kobolds
  6 rats
46 creatures vanquished.

Notes
Turn   | Place    | Note
-------+----------+-------------------------------------------
     0 | D:1      | tv1990 the Formicid Monk began the quest for the Orb.
     0 | D:1      | Reached XP level 1. HP: 18/18 MP: 1/1
   126 | D:1      | Reached XP level 2. HP: 19/24 MP: 2/2
   425 | D:1      | Reached skill level 4 in Maces & Flails
   425 | D:1      | Reached XP level 3. HP: 27/29 MP: 3/3
  1299 | D:2      | Reached XP level 4. HP: 30/35 MP: 4/4
  1689 | D:3      | Found a shattered altar of Ashenzari.
  1717 | D:3      | Reached skill level 5 in Maces & Flails
  1978 | D:3      | Slain by an orc

Skill      XL: |  1  2  3  4 |
---------------+-------------+-----
Maces & Flails | 4 5 |  5.1
Fighting       | |  3.2
Dodging        | |  2.6
Stealth        | |  2.4

Action                   |  1- 3 |  4- 6 || total
-------------------------+-------+-------++-------
Melee: Mace              |   136 |    48 ||   184
 Abil: Dig               |       |     2 ||     2
  Use: Scroll            |     4 |       ||     4
  Eat: Chunk             |     1 |     3 ||     4
Armor: Ring mail         |    21 |       ||    21
       Robe              |     1 |       ||     1
       Chain mail        |    52 |    25 ||    77
Dodge: Dodged            |    87 |    19 ||   106

Table legend:
 A = Turns spent in this place as a percentage of turns spent in the entire game.
 B = Non-inter-level travel turns spent in this place as a percentage of non-inter-level travel turns spent in the entire game.
 C = Inter-level travel turns spent in this place as a percentage of turns spent in this place.
 D = Turns resting spent in this place as a percentage of non-inter-level travel turns spent in this place.
 E = Turns spent auto-exploring this place as a percentage of non-inter-level travel turns spent in this place.
 F = Non-inter-level travel turns spent in this place divided by the number of levels of this place that you've seen.
                   A       B       C       D       E      F
               +-------+-------+-------+-------+-------+----------------------
         Total | 100.0 | 100.0 |   0.4 |   3.6 |  19.4 | 165.3
       Dungeon | 100.0 | 100.0 |   0.4 |   3.6 |  19.4 | 165.3
               +-------+-------+-------+-------+-------+----------------------

Table legend:
 A = Kills in this place as a percentage of kills in entire the game.
 B = Kills by you in this place as a percentage of kills by you in the entire game.
 C = Kills by friends in this place as a percentage of kills by friends in the entire game.
 D = Other kills in this place as a percentage of other kills in the entire game.
 E = Experience gained in this place as a percentage of experience gained in the entire game.
 F = Experience gained in this place divided by the number of levels of this place that you have seen.
                   A       B       C       D       E      F
               +-------+-------+-------+-------+-------+----------------------
         Total | 100.0 | 100.0 |  -nan |  -nan | 100.0 |  41.0
       Dungeon | 100.0 | 100.0 |  -nan |  -nan | 100.0 |  41.0
               +-------+-------+-------+-------+-------+----------------------

Vault maps used:
D:1:      lemuel_arrival_lava_pool, minmay_cut_off
D:2:      first_bread, minmay_misc_feat_alley
D:3:      overflow_temple_1_default, item_on_display_a
